Map: 시뮬레이크럼 - 래더

Players

Dream

  • Race: Terran Terran
  • Spawn Location: 11:00

TSGSolar (Solar) - Winner!

  • Race: Zerg Zerg
  • League: Master
  • Spawn Location: 5:00

VOD

Have the link to the VOD?

Description

Time

  • Played on: Jan. 6, 2020, 9:24 p.m.
  • Length: 8:26
Show
View Real Time Build Order
Export as new Build Order

Dream Terran 

Build Orders: Reaper Expand, Mech 

Get SALT Encoding   

  12  0:00  SCV  
  13  0:13  SCV  
  14  0:17  Supply Depot  
  14  0:25  SCV  
  15  0:38  SCV  
  15  0:39  Barracks  
  16  0:44  Refinery  
  16  0:50  SCV  
  17  1:02  SCV  
  18  1:14  SCV  
  19  1:26  Reaper  
  19  1:27  Orbital Command  
  20  1:40  Command Center  
  20  1:49  Supply Depot  
  20  1:52  SCV  
  21  1:58  Marine  
  22  2:04  Factory  
  22  2:07  SCV  
  23  2:13  Refinery  
  23  2:19  SCV  
  23  2:21  Barracks Reactor  
  24  2:31  SCV  
  25  2:43  SCV  
  26  2:50  Starport  
  26  2:52  Orbital Command  
  26  2:55  SCV  
  27  3:00  Hellion x2  
  31  3:07  SCV  
  32  3:18  SCV  
  32  3:19  SCV  
  34  3:20  Marine  
  34  3:21  Hellion x2  
  39  3:30  SCV, Fusion Core  
  39  3:32  SCV  
  41  3:34  Starport Tech Lab  
  41  3:35  Supply Depot  
  41  3:42  SCV  
  42  3:49  SCV  
  43  3:57  SCV  
  43  3:58  Command Center  
  43  4:02  SCV  
  45  4:07  Supply Depot  
  45  4:09  SCV  
  50  4:14  SCV  
  51  4:21  SCV  
  50  4:26  Battlecruiser  
  50  4:29  SCV  
  55  4:32  Refinery x2  
  55  4:33  SCV  
  56  4:40  Supply Depot, Hellion x2  
  56  4:41  SCV  
  56  4:45  SCV  
  62  4:49  Factory  
  62  4:59  Factory  
  62  5:01  SCV x2  
  62  5:04  Hellion x2  
  68  5:10  Supply Depot, Orbital Command  
  68  5:13  SCV x2  
  70  5:22  Refinery  
  70  5:25  SCV  
  71  5:28  SCV  
  71  5:31  Refinery  
  71  5:33  Battlecruiser  
  78  5:38  SCV  
  78  5:43  SCV  
  78  5:47  Factory Tech Lab  
  78  5:48  Factory Tech Lab, Hellion x2  
  78  5:49  Orbital Command  
  84  5:56  SCV x2, Weapon Refit  
  85  6:07  Engineering Bay  
  85  6:08  SCV x2  
  87  6:15  SCV  
  87  6:18  Siege Tank  
  91  6:20  SCV  
  91  6:21  SCV  
  91  6:22  Supply Depot  
  91  6:24  Supply Depot  
  93  6:29  Armory  
  93  6:30  Armory  
  93  6:32  Supply Depot  
  93  6:39  SCV x2  
  93  6:41  SCV  
  93  6:42  Siege Tank  
  89  6:48  Hellion x2  
  89  6:51  SCV x2  
  89  6:54  SCV  
  94  6:56  Battlecruiser  
  100  7:01  Missile Turret  
  100  7:03  SCV, Supply Depot  
  100  7:04  SCV  
  100  7:06  Siege Tank  
  105  7:09  SCV  
  106  7:16  SCV x2  
  106  7:18  Factory  
  106  7:19  Factory  
  106  7:21  SCV  
  109  7:28  SCV  
  109  7:29  SCV  
  111  7:35  SCV  
  106  7:38  Siege Tank x2  
  106  7:39  Missile Turret, Widow Mine x2  
  106  7:40  Missile Turret  
  106  7:43  Supply Depot x2, Missile Turret  
  116  7:51  Missile Turret  
  110  8:05  SCV x2  
  122  8:13  SCV  
Show
View Real Time Build Order
Export as new Build Order

TSGSolar Zerg - Winner!

Build Orders: Hatch First 

Get SALT Encoding   

  12  0:01  Drone  
  13  0:12  Overlord  
  13  0:17  Drone  
  14  0:30  Drone x2  
  16  0:48  Hatchery  
  15  0:51  Drone  
  15  0:54  Drone  
  17  0:57  Drone  
  18  1:08  Extractor  
  17  1:13  Spawning Pool  
  17  1:16  Drone  
  17  1:20  Drone  
  18  1:29  Drone  
  19  1:39  Drone  
  20  1:49  Overlord  
  20  1:59  Queen x2  
  20  2:00  Zergling x2  
  20  2:01  Zergling x2  
  26  2:11  Drone x2  
  28  2:24  Hatchery  
  27  2:31  Spore Crawler, Extractor  
  27  2:32  Drone  
  27  2:35  Metabolic Boost  
  27  2:36  Drone  
  29  2:43  Queen  
  31  2:46  Drone  
  31  2:51  Overlord  
  32  2:55  Drone  
  32  2:56  Drone  
  34  3:01  Drone x2  
  36  3:10  Drone  
  36  3:11  Drone x2  
  36  3:12  Drone  
  40  3:14  Drone  
  40  3:19  Queen  
  43  3:23  Overlord  
  43  3:24  Drone  
  44  3:30  Overlord  
  44  3:36  Queen  
  44  3:38  Drone  
  44  3:40  Drone x2  
  49  3:43  Zergling x4  
  49  3:46  Drone  
  49  3:47  Overlord  
  52  3:49  Drone  
  52  3:50  Zergling x2  
  52  3:55  Drone x3  
  57  4:00  Queen  
  59  4:03  Overlord  
  59  4:07  Drone x2  
  59  4:09  Overlord  
  61  4:13  Drone  
  63  4:17  Lair, Drone  
  63  4:24  Zergling x2, Drone  
  64  4:26  Roach Warren  
  64  4:27  Drone x2  
  64  4:29  Drone  
  67  4:32  Drone  
  67  4:33  Extractor, Drone  
  67  4:34  Extractor, Drone  
  68  4:40  Queen  
  68  4:41  Drone x2  
  68  4:43  Drone  
  73  4:46  Spore Crawler, Drone  
  73  4:48  Spore Crawler  
  73  4:49  Drone  
  73  4:50  Drone  
  74  4:53  Drone  
  74  4:54  Overlord  
  74  4:58  Spore Crawler  
  74  4:59  Drone x2  
  76  5:00  Drone  
  76  5:01  Drone  
  76  5:03  Drone  
  79  5:07  Extractor  
  79  5:08  Extractor  
  79  5:10  Roach x2  
  79  5:13  Roach, Overlord  
  82  5:15  Drone x2  
  82  5:16  Overseer  
  84  5:24  Spire, Drone x3  
  84  5:27  Drone x2  
  88  5:28  Extractor  
  88  5:30  Overlord  
  87  5:36  Drone x2  
  87  5:37  Drone  
  87  5:41  Drone  
  87  5:42  Overlord  
  89  5:43  Drone  
  89  5:45  Drone  
  89  5:47  Overlord  
  89  5:48  Roach x3  
  94  5:54  Overlord  
  94  5:58  Glial Reconstitution  
  94  5:59  Zergling x6  
  94  6:02  Overlord  
  97  6:10  Overlord  
  97  6:15  Overlord  
  97  6:16  Overlord  
  97  6:18  Overlord  
  97  6:26  Hatchery  
  94  6:40  Corruptor x8  
  94  6:44  Corruptor  
  109  6:47  Corruptor  
  109  6:51  Roach x3  
  119  6:54  Zergling x2, Roach  
  119  6:57  Roach x2  
  119  6:58  Zergling x2  
  127  7:01  Roach x2  
  127  7:04  Roach x2  
  127  7:06  Overlord  
  135  7:08  Roach  
  135  7:10  Roach  
  135  7:13  Roach  
  135  7:14  Roach  
  143  7:15  Roach  
  143  7:17  Roach  
  143  7:19  Ravager  
  143  7:21  Roach x2  
  143  7:22  Zergling x2  
  151  7:23  Overlord  
  151  7:26  Roach  
  151  7:27  Zergling x4  
  155  7:31  Roach x2  
  155  7:35  Roach x2  
  163  7:38  Zergling x8  
  167  7:44  Ravager  
  167  7:45  Ravager x2, Overlord  
  167  7:47  Zergling x2  
  167  7:50  Zergling x4  
  173  7:58  Ravager x3  
  173  8:00  Roach  
  173  8:01  Zergling x8, Roach  
Tags
 
Add a new tag
Caveats
  • Supply blocks, unpowered buildings, or Contaminate may cause inaccurate times.
  • Supply counts are checked every 10 seconds.